 Dungeon Crawl Stone Soup version 0.19-a0-1682-g5114f93 (webtiles) character file.

407 st0uf the Skirmisher (level 6, -2/48 HPs)
             Began as a Demonspawn Fighter on Sept 24, 2016.
             Slain by Sigmund
             ... wielding a +4 scythe of venom
              (7 damage)
             ... on level 5 of the Dungeon.
             The game lasted 00:09:24 (4059 turns).

st0uf the Skirmisher (Demonspawn Fighter)           Turns: 4059, Time: 00:09:25

Health: -2/48      AC: 10    Str: 18    XL:     6   Next: 57%
Magic:  6/6        EV: 11    Int: 10    God:
Gold:   200        SH:  0    Dex: 14    Spells: 0 memorised, 5 levels left

rFire  . . .     SeeInvis .     a - +0 long sword
rCold  . . .     Gourm    .     b - +1 scale mail
rNeg   . . .     Faith    .     (no shield)
rPois  .         Spirit   .     y - +0 helmet
rElec  .         Dismiss  .     (no cloak)
rCorr  .         Reflect  .     (no gloves)
MR     .....     Harm     .     (no boots)
Stlth  ..........               (no amulet)
                                (no ring)
                                (no ring)

@: lethally poisoned (-2 -> -13), exhausted, slowed, very slow
A: hooves 1, thin skeletal structure 1
a: no special abilities


You were on level 5 of the Dungeon.
You were hungry.

You visited 1 branch of the dungeon, and saw 5 of its levels.

You collected 200 gold pieces.

Inventory:

Hand Weapons
 a - a +0 long sword (weapon)
Armour
 b - a +1 scale mail (worn)
 c - a +0 shield
 u - a +0 buckler
 y - a +0 helmet (worn)
Jewellery
 j - a +2 amulet of reflection {unknown}
 w - a +2 ring of strength {unknown}
Wands
 v - a wand of slowing (17/48)
Scrolls
 g - 2 scrolls of identify {unknown}
 h - 4 scrolls of enchant armour
 i - 2 scrolls of fear {unknown}
 l - a scroll of blinking {unknown}
 s - 2 scrolls of remove curse {unknown}
Potions
 d - 2 potions of might
 e - a potion of heal wounds {unknown}
 m - 2 potions of curing {unknown}
 n - 2 potions of berserk rage
 q - a potion of degeneration {unknown}
 r - 2 potions of invisibility {unknown}
 A - 2 potions of flight {unknown}
Books
 t - a Necronomicon

   Spells                             Type                      Level
   a - Haunt                          Necromancy/Summoning         7
   b - Borgnjor's Revivification      Necromancy                   8
   c - Death's Door                   Charms/Necromancy            8
   d - Infestation                    Necromancy                   8
   e - Necromutation                  Transmutation/Necromancy     8
 x - a book of Burglary

   Spells                             Type                      Level
   a - Swiftness                      Charms/Air                   2
   b - Passwall                       Transmutation/Earth          2
   c - Passage of Golubria            Translocation                4
   d - Lee's Rapid Deconstruction     Earth                        5
   e - Darkness                       Hexes                        6
   f - Invisibility                   Hexes                        6
Comestibles
 f - 3 bread rations
 k - a meat ration
 o - 3 fruits
 p - a slice of pizza
 z - 3 chunks of flesh


   Skills:
 + Level 4.1 Fighting
 + Level 3.1 Long Blades
 + Level 4.0 Armour
 + Level 2.4 Dodging
 + Level 3.8 Shields


You had 5 spell levels left.
You didn't know any spells.

Dungeon Overview and Level Annotations

Branches:
Dungeon (5/15)
 Temple: D:4-7

Altars:
Yredelemnul

Annotations:
D:3 1 runed door
D:4 exclusion: door
D:5 HungrySpirit's ghost, amateur OpAs; Sigmund


Innate Abilities, Weirdness & Mutations

You have large cloven feet.
You have a somewhat thin skeletal structure. (Dex +2, Stealth)


Message History

You feel sick.
HungrySpirit's ghost closely misses you.
You riposte.
You miss HungrySpirit's ghost. Sigmund barely misses you.
HungrySpirit's ghost barely misses you.
Unknown command.
You feel sick.
Sigmund hits you with a scythe of venom.
* * * LOW HITPOINT WARNING * * *
You are lethally poisoned!
* * * LOW HITPOINT WARNING * * *
You feel sick. HungrySpirit's ghost barely misses you.
Sigmund hits you from afar with a scythe of venom.
* * * LOW HITPOINT WARNING * * *
HungrySpirit's ghost closely misses you.
* * * LOW HITPOINT WARNING * * *
You feel sick.
* * * LOW HITPOINT WARNING * * *
You feel sick.
Sigmund hits you from afar with a scythe of venom!
You die...

#. #.<...
#####.####...
.....>.....##
..|..?......##
.............##
..............###.
........?.@>......
.........W...###.(
.........@...#
.............#
#########.#### #.#
##. #


You could see Sigmund and HungrySpirit's ghost.

Vanquished Creatures
  A bullfrog (D:4)
  A howler monkey (D:4)
  A hound (D:4)
  An orc wizard (D:4)
  An orc priest (D:4)
  Jessica (D:3)
  2 iguanas (D:4)
  Ijyb (D:2)
  4 adders
  An ooze (D:4)
  3 worms
  A leopard gecko (D:4)
  5 orcs
  6 giant cockroaches
  9 goblins
  4 hobgoblins
  A quokka (D:2)
  3 bats
  5 frilled lizards
  10 kobolds
  A leopard gecko skeleton (D:4)
  6 rats
68 creatures vanquished.

Notes
Turn   | Place    | Note
-------+----------+-------------------------------------------
     0 | D:1      | st0uf the Demonspawn Fighter began the quest for the Orb.
     0 | D:1      | Reached XP level 1. HP: 18/18 MP: 1/1
   337 | D:1      | Gained mutation: You have a somewhat thin skeletal structure. (Dex +2, Stealth) [demonic ancestry]
   337 | D:1      | Reached XP level 2. HP: 23/24 MP: 2/2
   859 | D:1      | Reached skill level 1 in Dodging
  1171 | D:2      | Noticed Ijyb
  1180 | D:2      | Killed Ijyb
  1180 | D:2      | Reached XP level 3. HP: 28/29 MP: 3/3
  1465 | D:2      | Reached XP level 4. HP: 31/35 MP: 4/4
  2790 | D:3      | Noticed Jessica
  2795 | D:3      | Killed Jessica
  2856 | D:3      | Gained mutation: You have large cloven feet. [demonic ancestry]
  2856 | D:3      | Reached XP level 5. HP: 34/41 MP: 5/5
  3245 | D:3      | Found a runed door.
  3688 | D:4      | Reached XP level 6. HP: 48/48 MP: 6/6
  3799 | D:4      | Found a basalt altar of Yredelemnul.
  4038 | D:5      | Entered Level 5 of the Dungeon
  4038 | D:5      | Noticed Sigmund
  4048 | D:5      | Noticed HungrySpirit's ghost (amateur OpAs)
  4059 | D:5      | Slain by Sigmund

Vault maps used:
D:1:      sevenhm_arrival_forest_fort_small_4
D:2:      first_bread, uniq_iyjb
D:3:      uniq_jessica, uniq_crazy_yiuf_cottage
D:4:      yredelemnul_forgotten_temple_becter
D:5:      lemuel_ratsnest, old_standard_altar, kennysheep_potato, uniq_sigmund,
          uniq_edmund

Skill      XL: |  1  2  3  4  5  6 |
---------------+-------------------+-----
Dodging        | 1 2 |  2.4
Armour         | 3 4 |  4.0
Long Blades    | 2 3 |  3.1
Shields        | 3 |  3.8
Fighting       | 4 |  4.1

Action                   |  1- 3 |  4- 6 || total
-------------------------+-------+-------++-------
Melee: Long sword        |    99 |   156 ||   255
       Kick              |       |    20 ||    20
  Use: Scroll            |       |     1 ||     1
       Potion            |       |     1 ||     1
  Eat: Chunk             |     2 |     8 ||    10
Armor: Scale mail        |    46 |    48 ||    94
Dodge: Dodged            |    45 |    92 ||   137
